 Dungeon Crawl Stone Soup version 0.23-a0-690-g0a1fc62 (webtiles) character file.

96 corax the Sneak (level 4, -7/29 HPs)
             Began as an Octopode Assassin on Jan 11, 2019.
             Killed by nerve-wracking pain
             ... invoked by an orc priest
              (10 damage)
             ... on level 3 of the Dungeon.
             The game lasted 00:04:27 (1443 turns).

corax the Sneak (Octopode Assassin)                 Turns: 1443, Time: 00:04:28

Health: -7/29      AC:  1    Str: 10    XL:     4   Next: 67%
Magic:  4/4        EV: 13    Int: 13    God:
Gold:   83         SH:  0    Dex: 14    Spells: 3/3 levels left

rFire    . . .     SeeInvis .   a - +2 dagger
rCold    . . .     Gourm    .   (no shield)
rNeg     . . .     Faith    .   (helmet restricted)
rPois    .         Spirit   .   (no amulet)
rElec    .         Reflect  .   (no ring)
rCorr    .         Harm     .   (no ring)
MR       .....                  (no ring)
Stlth    +++++.....             (no ring)
HPRegen  0.09/turn              (no ring)
MPRegen  0.09/turn              (no ring)
                                (no ring)
                                (no ring)

@: no status effects
A: almost no armour, stealthy swim, amphibious, 8 rings, constrict 8, camouflage
1, gelatinous body 1
a: no special abilities


You were on level 3 of the Dungeon.
You were hungry.

You visited 1 branch of the dungeon, and saw 3 of its levels.

You collected 83 gold pieces.

Inventory:

Hand Weapons
 a - a +2 dagger (weapon)
 b - a +0 blowgun
Missiles
 c - 8 poisoned needles
 d - 2 curare-tipped needles
Wands
 p - a wand of flame (12)
Scrolls
 e - 3 scrolls of identify {unknown}
 g - a scroll of noise {unknown}
 h - a scroll of enchant weapon {unknown}
 i - a scroll of magic mapping {unknown}
 o - a scroll of random uselessness (quivered) {unknown}
Potions
 j - 2 potions of brilliance {unknown}
 k - 2 potions of mutation {unknown}
 l - a potion of might {unknown}
 m - a potion of curing {unknown}
 n - a potion of haste {unknown}
Comestibles
 f - 2 rations


   Skills:
 + Level 2.1 Fighting
 + Level 2.7 Short Blades
 + Level 2.1 Throwing
 + Level 1.3 Dodging
 + Level 7.3 Stealth


You had 3 spell levels left.
You didn't know any spells.
Your spell library was empty.

Dungeon Overview and Level Annotations

Branches:
Dungeon (3/15)

Altars:
Xom


Innate Abilities, Weirdness & Mutations

You cannot wear most types of armour.
You are very stealthy in the water. (Stealth+)
You are amphibious.
You can wear up to eight rings at the same time.
You can use your tentacles to constrict eight enemies at once.
Your skin changes colour to match your surroundings (Stealth+).
Your rubbery body absorbs attacks. (AC +1, EV +1)


Message History

Press: ? - help, Shift-Dir - straight line, f - orc priest
Aim: an orc priest, wielding a +0 falchion and wearing a +0 ring mail (lightly wounded)
The puff of flame hits the orc.
You kill the orc!
Evoke which item? (* to show all) (? for menu, Esc to quit)
Aiming: Throw Flame
Press: ? - help, Shift-Dir - straight line, f/p - orc priest
Aim: an orc priest, wielding a +0 falchion and wearing a +0 ring mail (lightly wounded)
The puff of flame hits the orc priest.
The orc priest is moderately wounded.
The orc priest looks encouraged for a moment.
Evoke which item? (* to show all) (? for menu, Esc to quit)
Aiming: Throw Flame
Press: ? - help, Shift-Dir - straight line, f/p - orc priest
Aim: an orc priest, wielding a +0 falchion and wearing a +0 ring mail (moderately wounded)
The puff of flame hits the orc priest.
The orc priest is heavily wounded.
The orc priest invokes the aid of Beogh against you.
Pain shoots through your body!
You die...

#...........##.#
#.........#.##.#
#..######.#.##.#
#..# #.#.##.#
#..# #.#.##.#
#..### #.#.##.#
#..#.. #.#.##.#
#..#.##.#.#.##.#
#.@#o...# #.##.#
######.)#)#
#.##.##
.......o#.#
#.....#
######....#
####### #....#
#......
#######.# #


You could see an orc priest.

Vanquished Creatures
  Natasha (D:2)
  2 adders (D:2)
  3 worms (D:2)
  2 dart slugs
  A leopard gecko (D:1)
  2 orcs (D:3)
  4 bats
  2 giant cockroaches (D:2)
  2 goblins
  9 hobgoblins
  A quokka (D:2)
  4 frilled lizards
  2 kobolds
  5 rats (D:1)
  A butterfly (D:2)
41 creatures vanquished.

Notes
Turn   | Place    | Note
-------+----------+-------------------------------------------
     0 | D:1      | corax the Octopode Assassin began the quest for the Orb.
     0 | D:1      | Reached XP level 1. HP: 14/14 MP: 1/1
   129 | D:1      | Reached XP level 2. HP: 12/19 MP: 2/2
   227 | D:1      | Reached skill level 6 in Stealth
   504 | D:2      | Reached XP level 3. HP: 24/24 MP: 3/3
   978 | D:2      | Found a shimmering altar of Xom.
  1020 | D:2      | Reached XP level 4. HP: 29/29 MP: 4/4
  1190 | D:2      | Reached skill level 7 in Stealth
  1331 | D:2      | Noticed Natasha
  1334 | D:2      | Killed Natasha
  1443 | D:3      | Killed from afar by an orc priest

Vault maps used:
D:1:      nagdon_arrival_double_spiral, minmay_small_reverse_x
D:2:      xom_butterflies, bh_walls_and_bars, uniq_natasha
D:3:      marbit_many_paths, uniq_jessica

Skill      XL: |  1  2  3  4 |
---------------+-------------+-----
Stealth        | 6 7 |  7.3
Fighting       | |  2.1
Short Blades   | |  2.7
Throwing       | |  2.1
Dodging        | |  1.3

Action                   |  1- 3 |  4- 6 || total
-------------------------+-------+-------++-------
Melee: Dagger            |    64 |    18 ||    82
       Constrict         |    14 |     3 ||    17
       Tentacles         |     6 |     1 ||     7
Evoke: Wand              |       |     3 ||     3
 Stab: Sleeping          |    12 |     4 ||    16
  Eat: Chunk             |       |     1 ||     1
Armor: Skin              |     2 |       ||     2
Dodge: Dodged            |    32 |     5 ||    37

Table legend:
 A = Non-vault XP
 B = Vault XP
 C = Vault XP percentage of total XP
 D = Non-vault monster count
 E = Vault monster count
 F = Vault count percentage of total count
                 A         B        C        D         E       F
            +---------+---------+-------+---------+---------+-------
      Total |      95 |      43 |  31.2 |      35 |       5 |  12.5
            +---------+---------+-------+---------+---------+-------
        D:1 |      24 |       7 |  22.6 |      15 |       4 |  21.1
        D:2 |      63 |      36 |  36.4 |      17 |       1 |   5.6
        D:3 |       8 |       0 |   0.0 |       3 |       0 |   0.0
            +---------+---------+-------+---------+---------+-------
